AoeStats
← Luid2026

Arabia

510175876Analyzed
1v1 RM · 2d ago on Sep 29, 2026· 61m 0s· 2 players
Game mode
Random Map
Map size
Tiny (2 player)
Population
200
Speed
Normal
Resources
Standard
Victory
Conquest
Starting age
Dark Age
Ending age
Imperial Age
RankedLock teamsTeams togetherTeam positionsShared explorationLock speedFull tech treeHidden civsTurbo modeCheats
Victory
Defeat
🇷🇺 Poles · Russia
696
+15
🇪🇨 Ethiopians · Ecuador
676
-15
Luid2026
8:15 Loom
10:45 Feudal Age
11:15 Double-Bit Axe
11:15 Horse Collar
14:31 Gold Mining
17:18 Arson
18:18 Man-at-Arms
19:57 Padded Archer Armor
19:48 Fletching
20:00 Scale Mail Armor
24:46 Castle Age
25:56 Squires
25:25 Crossbowman
27:19 Chain Mail Armor
27:15 Forging
27:28 Bodkin Arrow
27:49 Leather Archer Armor
31:28 Wheelbarrow
33:38 Gold Shaft Mining
32:54 Stone Mining
33:34 Bow Saw
37:47 Ballistics
38:32 Iron Casting
39:17 Hand Cart
39:10 Stone Mining
40:07 Heated Shot
40:15 Murder Holes
40:31 Masonry
41:16 Fortified Wall
41:57 Royal Heirs
43:21 Stone Shaft Mining
46:17 Imperial Age
48:28 Chemistry
47:59 Architecture
47:35 Siege Engineers
47:22 Guard Tower
46:57 Capped Ram
47:46 Thumb Ring
47:02 Arbalester
47:03 Elite Skirmisher
47:10 Halberdier
48:54 Blast Furnace
48:25 Plate Mail Armor
48:27 Ring Archer Armor
47:58 Bracer
48:37 Siege Ram
51:03 Conscription
50:14 Sappers
52:03 Torsion Engines
53:31 Elite Shotel Warrior
IJN Kaga
1:26 Loom
10:56 Feudal Age
11:46 Double-Bit Axe
11:43 Horse Collar
18:08 Castle Age
17:35 Stone Mining
17:36 Gold Mining
18:17 Light Cavalry
20:21 Scale Barding Armor
21:54 Forging
22:26 Fletching
24:12 Bloodlines
24:03 Husbandry
32:57 Imperial Age
30:50 Town Watch
33:27 Bodkin Arrow
33:37 Scale Mail Armor
34:38 Stone Shaft Mining
35:05 Wheelbarrow
35:52 Conscription
36:09 Heavy Plow
37:21 Town Patrol
37:38 Hand Cart
38:02 Bow Saw
40:09 Crop Rotation
40:54 Szlachta Privileges
41:14 Lechitic Legacy
41:46 Winged Hussar
41:47 Cavalier
43:05 Iron Casting
42:51 Chain Barding Armor
42:33 Bracer
42:55 Chain Mail Armor
42:28 Man-at-Arms
43:09 Squires
47:20 Long Swordsman
49:50 Hoardings
49:30 Two-Handed Swordsman
52:48 Blast Furnace
52:19 Plate Mail Armor
51:49 Padded Archer Armor
51:14 Champion
53:58 Siege Engineers
54:15 Ballistics
54:56 Chemistry
54:09 Masonry
53:39 Treadmill Crane
53:55 Murder Holes
Connection lost

Rejoining the realm…

Still unreachable

The connection could not be restored.

Session expired

The server has moved on; the page needs a fresh start.